 Dungeon Crawl Stone Soup version 0.22-a0-362-g535178c (webtiles) character file.

1485 Amnesiac the Digger (level 8, 0/52 HPs)
             Began as a Mummy Earth Elementalist on Apr 20, 2018.
             Was a Believer of Sif Muna.
             Slain by Duvessa
             ... wielding a +0 short sword
              (10 damage)
             ... on level 6 of the Dungeon.
             The game lasted 00:08:11 (4566 turns).

Amnesiac the Digger (Mummy Earth Elementalist)      Turns: 4566, Time: 00:08:12

Health: 0/52       AC:  4    Str: 11    XL:     8   Next: 50%
Magic:  5/18       EV: 12    Int: 17    God:    Sif Muna [**....]
Gold:   262        SH:  0    Dex: 12    Spells: 6/21 levels left

rFire    x . .     SeeInvis .   l - +2 dagger (protect)
rCold    + . .     Gourm    .   (no shield)
rNeg     + + +     Faith    .   c - +0 robe
rPois    ∞         Spirit   .   i - +0 helmet
rElec    .         Reflect  .   (no cloak)
rCorr    .         Harm     .   (no gloves)
MR       +....                  h - +0 pair of boots
Stlth    ++........             (no amulet)
HPRegen  0.17/turn              (no ring)
MPRegen  0.16/turn              (no ring)

@: divine energy
A: no food or potions, fire vulnerability, cold resistance 1, negative energy
resistance 3, torment resistance, unbreathing
a: Stop Divine Energy, Renounce Religion


You were on level 6 of the Dungeon.
You worshipped Sif Muna.
Sif Muna was pleased with you.
You were not hungry.

You visited 2 branches of the dungeon, and saw 7 of its levels.

You collected 262 gold pieces.

Inventory:

Hand Weapons
 a - a +0 flail
 b - a +0 dagger of speed
 l - a +2 dagger of protection (weapon)
Missiles
 g - 129 stones (quivered)
Armour
 c - a +0 robe (worn)
 d - a cursed +0 shield
 h - a +0 pair of boots (worn)
 i - a +0 helmet (worn)
Jewellery
 j - an uncursed amulet of regeneration {unknown}
 n - a cursed ring of teleportation {unknown}
Wands
 f - a wand of paralysis (15)
Scrolls
 e - 2 scrolls of remove curse {!r}
 k - 2 scrolls of teleportation {!r}
 m - 2 scrolls of enchant weapon {!r}
 o - a scroll of enchant armour {!r}


   Skills:
 - Level 2.1 Short Blades
 - Level 1.8 Dodging
 - Level 2.5 Stealth
 + Level 7.2 Spellcasting
 - Level 0.7 Transmutations
 * Level 7.2 Earth Magic


You had 6 spell levels left.
You knew the following spells:

 Your Spells              Type           Power        Failure   Level  Hunger
a - Sandblast             Erth           ####..       1%          1    N/A
b - Passwall              Tmut/Erth      ###.......   3%          2    N/A
c - Stone Arrow           Conj/Erth      ###...       8%          3    N/A
d - Lee's Rapid Deconstr  Erth           ####......   16%         5    N/A
e - Petrify               Tmut/Erth      ###.....     22%         4    N/A

Dungeon Overview and Level Annotations

Branches:
Dungeon (6/15)             Temple (1/1) D:4

Altars:
Ashenzari
Cheibriados
Dithmenos
Elyvilon
Fedhas
Gozag
Hepliaklqana
Kikubaaqudgha
Makhleb
Okawaru
Qazlal
Ru
Sif Muna
Trog
Uskayaw
Vehumet
Wu Jian
Xom
Yredelemnul
Zin
The Shining One

Annotations:
D:6 Dowan, Duvessa


Innate Abilities, Weirdness & Mutations

You do not eat or drink.
Your flesh is vulnerable to fire.
You are immune to poison.
Your flesh is cold resistant. (rC+)
You are immune to negative energy. (rN+++)
You are immune to unholy pain and torment.
You can survive without breathing.


Message History

Unknown command.
Unknown command.
Casting: Sandblast (safe; 1% risk of failure)
Confirm with . or Enter, or press ? or * to list all spells.
Aiming: Sandblast (safe; 1% risk of failure)
Press: ? - help, Shift-Dir - straight line, f/p - Dowan
Aim: Dowan, wielding an enchanted dagger and wearing a robe (moderately wounded)
The blast of sand misses Dowan.
g - 133 stones Duvessa hits you with a short sword!
* * * LOW HITPOINT WARNING * * *
Dowan says, "Where the sword fails, magic succeeds!"
Dowan mumbles some strange words.
Dowan blinks!
Casting: Sandblast (safe; 1% risk of failure)
Confirm with . or Enter, or press ? or * to list all spells.
Aiming: Sandblast (safe; 1% risk of failure)
Press: ? - help, Shift-Dir - straight line, f/p - Dowan
Aim: Dowan, wielding an enchanted dagger and wearing a robe (moderately wounded)
The blast of sand hits Dowan.
Dowan is severely wounded.
g - 132 stones Duvessa hits you with a short sword.
* * * LOW HITPOINT WARNING * * *
Dowan gestures at Duvessa while chanting.
Duvessa seems to speed up.
Unknown command.
Casting: Sandblast (safe; 1% risk of failure)
Confirm with . or Enter, or press ? or * to list all spells.
Aiming: Sandblast (safe; 1% risk of failure)
Press: ? - help, Shift-Dir - straight line, f - Duvessa, p - Dowan
Aim: Duvessa, wielding a short sword and wearing a chain mail (severely wounded, fast)
The blast of sand hits Duvessa.
Duvessa is severely wounded.
g - 131 stones Duvessa barely misses you.
Duvessa misses you.
Unknown command.
Casting: Sandblast (safe; 1% risk of failure)
Confirm with . or Enter, or press ? or * to list all spells.
Aiming: Sandblast (safe; 1% risk of failure)
Press: ? - help, Shift-Dir - straight line, f/p - Duvessa
Aim: Duvessa, wielding a short sword and wearing a chain mail (severely wounded, fast)
The blast of sand hits Duvessa.
Duvessa is severely wounded.
g - 130 stones Duvessa says, "When magic and the sword combine, nothing stands against them."
Duvessa closely misses you.
Dowan drinks a potion.
Dowan flickers and vanishes!
Deactivating autopickup; reactivate with Ctrl-A.
Unknown command.
Casting: Sandblast (safe; 1% risk of failure)
Confirm with . or Enter, or press ? or * to list all spells.
Aiming: Sandblast (safe; 1% risk of failure)
Press: ? - help, Shift-Dir - straight line, f/p - Duvessa
Aim: Duvessa, wielding a short sword and wearing a chain mail (severely wounded, fast)
The blast of sand hits Duvessa.
Duvessa is almost dead.
g - 129 stones Duvessa hits you but does no damage.
You hear some strange, mumbled words.
A puff of flame appears from out of thin air!
The puff of flame hits you! The fire burns you terribly!
* * * LOW HITPOINT WARNING * * *
Duvessa hits you with a short sword!
You die...

........
..####.######.#
.#.##### #.#....#
#.# .#.# #.#.##.#
#.# .#.# #......#
#.# .#.# ###.####
#.# .#.# #.# #.#
.#.# #{# #.# ...#
#####.#########.#
.###
#...e@..........##
.#
#.###.#####.##..<##
.# #/# ##.#.....##
.# #.# #....)....#
.# ..# #..#.....##
.######### ###
#..##...##
.........#
#..###.##
.#######.#
#.######..# #... ##
#.# >.........#
####


You could see Duvessa.

Vanquished Creatures
  Menkaure (D:6)
  Edmund (D:5)
  An orc warrior (D:5)
  An ogre (D:4)
  A necrophage (D:5)
  A phantom (D:3)
  2 bullfrogs (D:6)
  A scorpion (D:4)
  A water moccasin skeleton (D:5)
  A howler monkey (D:5)
  3 crimson imps
  3 hounds
  2 jellies
  2 orc priests (D:6)
  3 orc wizards
  Jessica (D:3)
  A worker ant (D:5)
  4 gnolls (D:5)
  4 adders
  An ooze (D:5)
  An adder skeleton (D:4)
  3 worms
  2 dart slugs (D:2)
  2 leopard geckos
  11 orcs
  6 bats
  6 giant cockroaches
  12 hobgoblins
  16 jackals
  3 kobolds
  3 quokkas
  A ball python (D:5)
  4 frilled lizards
  6 goblins
  A leopard gecko zombie (D:6)
  8 rats
120 creatures vanquished.

Notes
Turn   | Place    | Note
-------+----------+-------------------------------------------
     0 | D:1      | Amnesiac the Mummy Earth Elementalist began the quest for the Orb.
     0 | D:1      | Reached XP level 1. HP: 13/13 MP: 4/4
   112 | D:2      | Reached XP level 2. HP: 5/19 MP: 0/5
   135 | D:2      | Learned a level 2 spell: Passwall
   553 | D:2      | Found a white marble altar of Elyvilon.
   705 | D:3      | Reached XP level 3. HP: 17/24 MP: 7/7
  1171 | D:4      | Found a staircase to the Ecumenical Temple.
  1183 | Temple   | Entered the Ecumenical Temple
  1190 | Temple   | Became a worshipper of Sif Muna the Loreminder
  1246 | D:4      | Noticed a scorpion
  1555 | D:1      | Reached XP level 4. HP: 21/30 MP: 9/9
  2676 | D:3      | Reached XP level 5. HP: 25/35 MP: 3/11
  2677 | D:3      | Noticed a phantom
  2694 | D:3      | HP: 1/35 [phantom (8)]
  2728 | D:3      | Killed a phantom
  2728 | D:3      | Reached * piety under Sif Muna
  2859 | D:3      | Noticed Jessica
  2859 | D:3      | Learned a level 3 spell: Stone Arrow
  2859 | D:3      | Killed Jessica
  2866 | D:3      | Learned a level 5 spell: Lee's Rapid Deconstruction
  3086 | D:4      | Noticed an ogre
  3097 | D:4      | Killed an ogre
  3097 | D:4      | Reached skill level 5 in Spellcasting
  3097 | D:4      | Reached skill level 5 in Earth Magic
  3097 | D:4      | Reached XP level 6. HP: 19/41 MP: 6/13
  3461 | D:5      | Entered Level 5 of the Dungeon
  3631 | D:5      | Reached XP level 7. HP: 46/46 MP: 0/15
  3837 | D:5      | Learned a level 4 spell: Petrify
  3867 | D:5      | Reached ** piety under Sif Muna
  4003 | D:5      | Found a basalt altar of Yredelemnul.
  4008 | D:5      | Found a glowing golden altar of the Shining One.
  4010 | D:5      | Noticed an angel
  4103 | D:6      | Noticed Edmund
  4147 | D:5      | Killed Edmund
  4147 | D:5      | Reached skill level 1 in Short Blades
  4189 | D:5      | Reached XP level 8. HP: 35/52 MP: 3/17
  4426 | D:6      | Noticed Menkaure
  4430 | D:6      | Killed Menkaure
  4551 | D:6      | Noticed Dowan
  4552 | D:6      | Noticed Duvessa
  4566 | D:6      | Slain by Duvessa

Vault maps used:
D:1:      lightli_arrival_chessboard, hangedman_decor_points,
          wad_floor_pattern_1
D:2:      lemuel_round_altar
D:3:      cheibrodos_old_hovel, first_ration, uniq_jessica
D:4:      minmay_temple_entry_nine_rooms
D:5:      grunt_temple_overflow_holy_war
D:6:      uniq_prince_ribbit1, uniq_menkaure, uniq_edmund, uniq_duvessa
Temple:   nicolae_temple_no_exploring_needed

Skill      XL: |  1  2  3  4  5  6  7  8 |
---------------+-------------------------+-----
Earth Magic    | 3 4 5 6 7 |  7.2
Spellcasting   | 3 4 5 6 7 |  7.2
Short Blades   | 2 |  2.1
Stealth        | 2 |  2.5
Dodging        | |  1.8
Transmutations | |  0.7

Action                   |  1- 3 |  4- 6 |  7- 9 || total
-------------------------+-------+-------+-------++-------
Melee: Hand axe          |    20 |       |       ||    20
       Unarmed           |     1 |       |       ||     1
       Flail             |    60 |       |       ||    60
       Dagger            |     1 |   113 |    25 ||   139
 Cast: Sandblast         |    25 |    49 |    66 ||   140
       Stone Arrow       |       |    18 |    16 ||    34
       Petrify           |       |       |     4 ||     4
Invok: Divine Energy     |       |     1 |       ||     1
  Use: Scroll            |       |     8 |       ||     8
 Stab: Sleeping          |     4 |     2 |       ||     6
       Petrified         |       |       |    14 ||    14
       Petrifying        |       |       |     1 ||     1
Armor: Robe              |    26 |    59 |     7 ||    92
Dodge: Dodged            |    84 |    95 |    24 ||   203

Table legend:
 A = Spawn XP
 B = Non-spawn XP
 C = Spawn XP percentage of total XP
 D = Spawn monster count
 E = Non-spawn monster count
 F = Spawn count percentage of total count
 G = Total turns spent on level
                    A         B        C        D         E        F      G
               +---------+---------+-------+---------+---------+-------+---------
         Total |       0 |    2122 |   0.0 |       0 |     120 |   0.0 |  4566
               +---------+---------+-------+---------+---------+-------+---------
           D:1 |       0 |      27 |   0.0 |       0 |      16 |   0.0 |   580
           D:2 |       0 |      76 |   0.0 |       0 |      27 |   0.0 |  1200
           D:3 |       0 |     260 |   0.0 |       0 |      29 |   0.0 |  1108
           D:4 |       0 |     220 |   0.0 |       0 |      12 |   0.0 |   556
           D:5 |       0 |     844 |   0.0 |       0 |      21 |   0.0 |   793
           D:6 |       0 |     695 |   0.0 |       0 |      15 |   0.0 |   312
               +---------+---------+-------+---------+---------+-------+---------
